 Dungeon Crawl Stone Soup version 0.30-a0-241-g1121274140 (webtiles) character file.

Game seed: 9299928191997076118

501529 mandarbmax the Impregnable (level 24, 0/233 HPs)
             Began as an Armataur Fighter on Oct 9, 2022.
             Was the Champion of Dithmenos.
             Killed from afar by a lich (13 damage)
             ... with a bolt of cold
             ... on level 5 of the Vaults on Oct 10, 2022.
             The game lasted 02:52:14 (67797 turns).

mandarbmax the Impregnable (Armataur Fighter)      Turns: 67797, Time: 02:52:15

Health: 0/233      AC: 53    Str: 36    XL:     24   Next: 5%
Magic:  0/35       EV:  9    Int:  7    God:    Dithmenos [******]
Gold:   4155       SH: 22    Dex: 16    Spells: 23/23 levels left

rFire   + . .      SeeInvis .    c - +9 eveningstar (flame)
rCold   + . .      Faith    .    w - +0 tower shield {reflect}
rNeg    . . .      Spirit   +    X - +11 shadow dragon scales
rPois   .          Reflect  +    E - +1 helmet "Vyfrenless" {Drain rF+ rCorr}
rElec   +          Harm     .    o - scarf {+Inv}
rCorr   +          Roll     +    P - +0 pair of gloves
Will    +....                    R - +4 barding {Fly} Stlth *********+
                                 Y - amulet "Toggoh" {Spirit Str+4}
HPRegen 0.58/turn                Q - ring "Isur Etoma" {AC+4 Str+3 Stlth+}
MPRegen 0.24/turn                p - ring of Pexe Kups {+Blink rElec rC+ MP+9 Str+2}

@: about to teleport, marked, flying, wreathed by umbra, studying 2 skills,
invisible
A: large, rugged brown scales 3, deformed body, armoured tail, roll, long
tongue, awkward tongue, dopey 1, shaggy fur 1
}: 2/15 runes: serpentine, barnacled
a: Renounce Religion, Evoke Blink, Evoke Invisibility, Shadow Step, Shadow Form


You were on level 5 of the Vaults.
You worshipped Dithmenos.
Dithmenos was exalted by your worship.
You visited 9 branches of the dungeon, and saw 43 of its levels.
You visited the Abyss 1 time.
You also visited: Ossuary, Bailey, Gauntlet, Ice Cave and Volcano.

You collected 7575 gold pieces.
You spent 3420 gold pieces at shops.

Inventory:

Hand Weapons
 c - a +9 eveningstar of flaming (weapon)
Missiles
 f - 11 silver boomerangs (quivered)
 i - 18 atropa-tipped darts
 k - 10 throwing nets
 r - 14 curare-tipped darts
 z - 12 poisoned darts
 U - 3 boomerangs of dispersal
 W - 13 silver javelins
Armour
 o - a scarf of invisibility (worn)
 w - a +0 tower shield of reflection (worn)
 E - the +1 helmet "Vyfrenless" (worn) {Drain rF+ rCorr}
   (You bought it in a shop on level 7 of the Dungeon)

   rF:        It protects you from fire.
   rCorr:     It protects you from acid and corrosion.
   Drain:     It drains your maximum health when unequipped.
 P - a +0 pair of gloves (worn)
 R - a +4 barding of flying (worn)
 X - +11 shadow dragon scales (worn)
Jewellery
 b - the ring of Zewasij {Will+ Str+3 Int+6 SInv}
   (You found it on level 1 of the Snake Pit)

   [ring of willpower]

   Str:       It affects your strength (+3).
   Int:       It affects your intelligence (+6).
   SInv:      It lets you see invisible.
   Will:      It increases your willpower.
 p - the ring of Pexe Kups (right hand) {+Blink rElec rC+ MP+9 Str+2}
   (You took it off a deep elf demonologist on level 3 of the Elven Halls)

   [ring of magical power]

   Str:       It affects your strength (+2).
   rC:        It protects you from cold.
   rElec:     It insulates you from electricity.
   MP:        It affects your magic capacity (+9).
   +Blink:    It lets you blink.
 A - a +6 ring of strength
 H - the ring "Titwuf" {rElec rF++ Int+6 Stlth+}
   (You found it on level 4 of the Shoals)

   [ring of intelligence]

   Int:       It affects your intelligence (+6).
   rF:        It greatly protects you from fire.
   rElec:     It insulates you from electricity.
   Stlth:     It makes you more stealthy.
 Q - the ring "Isur Etoma" (left hand) {AC+4 Str+3 Stlth+}
   (You found it on level 1 of the Snake Pit)

   [ring of protection]

   AC:        It affects your AC (+4).
   Str:       It affects your strength (+3).
   Stlth:     It makes you more stealthy.
 Y - the amulet "Toggoh" (around neck) {Spirit Str+4}
   (You took it off a deep elf high priest on level 3 of the Elven Halls)

   [amulet of guardian spirit]

   It causes incoming damage to be divided between your reserves of health and
   magic.
   Str:       It affects your strength (+4).
Wands
 x - a wand of roots (38)
 D - a wand of charming (13)
 F - a wand of acid (23)
 K - a wand of polymorph (15)
Scrolls
 e - 12 scrolls of teleportation
 g - 8 scrolls of poison
 h - 2 scrolls of blinking
 j - 5 scrolls of fear
 m - 4 scrolls of silence
 v - 4 scrolls of immolation
 G - a scroll of brand weapon
 J - 5 scrolls of butterflies
 L - 4 scrolls of vulnerability
 O - 3 scrolls of amnesia
 Z - 3 scrolls of magic mapping
Potions
 l - 7 potions of brilliance
 n - 4 potions of invisibility
 q - 16 potions of mutation
 s - 4 potions of haste
 t - 6 potions of heal wounds
 u - 12 potions of cancellation
 B - 3 potions of might
 C - a potion of curing
 M - 6 potions of resistance
 N - 4 potions of magic
 S - 3 potions of ambrosia
Miscellaneous
 a - a tin of tremorstones (1/2)
 d - a box of beasts
 y - a condenser vane
 I - a phantom mirror
 T - a phial of floods


   Skills:
 + Level 18.4 Fighting
 - Level 20.0 Maces & Flails
 - Level 23.0 Armour
 - Level 8.0 Dodging
 - Level 21.0 Stealth
 - Level 20.0 Shields
 - Level 4.0 Invocations
 - Level 16.0 Evocations


You had 23 spell levels left.
You didn't know any spells.
Your spell library contained the following spells:

 Spells                   Type           Power      Damage    Failure   Level
 Beastly Appendage        Tmut           0%         N/A       86%         1
 Kiss of Death            Conj/Necr      0%         2d5       86%         1
 Magic Dart               Conj           0%         1d3       86%         1
 Sting                    Tmut/Pois      0%         1d3       86%         1
 Summon Small Mammal      Summ           0%         N/A       86%         1
 Blink                    Tloc           0%         N/A       95%         2
 Call Imp                 Summ           0%         N/A       95%         2
 Ensorcelled Hibernation  Hex/Ice        0%         N/A       95%         2
 Momentum Strike          Conj/Tloc      0%         3d8       95%         2
 Passwall                 Tmut/Erth      0%         N/A       95%         2
 Poisonous Vapours        Pois/Air       0%         N/A       95%         2
 Searing Ray              Conj           0%         2d4       95%         2
 Static Discharge         Conj/Air       0%         2-2/arc   95%         2
 Sublimation of Blood     Necr           0%         N/A       95%         2
 Wereblood                Tmut           0%         N/A       95%         2
 Call Canine Familiar     Summ           0%         N/A       99%         3
 Confusing Touch          Hex            0%         N/A       99%         3
 Dazzling Flash           Conj/Hex       0%         N/A       99%         3
 Frozen Ramparts          Ice            0%         1d1       99%         3
 Gell's Gravitas          Tloc           0%         N/A       99%         3
 Ignite Poison            Fire/Tmut/Pois 0%         N/A       99%         3
 Inner Flame              Hex/Fire       0%         N/A       99%         3
 Kindle Blastsparks       Fire/Tloc/Air  0%         2d10      99%         3
 Mephitic Cloud           Conj/Pois/Air  0%         N/A       99%         3
 Spider Form              Tmut/Pois      0%         N/A       99%         3
 Summon Guardian Golem    Hex/Summ       0%         N/A       99%         3
 Swiftness                Air            0%         N/A       99%         3
 Teleport Other           Tloc           0%         N/A       99%         3
 Tukima's Dance           Hex            0%         N/A       99%         3
 Vhi's Electric Charge    Tloc/Air       0%         N/A       99%         3
 Anguish                  Hex/Necr       0%         N/A       100%        4
 Animate Dead             Necr           0%         N/A       100%        4
 Dispel Undead            Necr           0%         3d6       100%        4
 Flame Wave               Conj/Fire      0%         2d4       100%        4
 Fulminant Prism          Conj/Hex       0%         3d6       100%        4
 Ice Form                 Ice/Tmut       0%         N/A       100%        4
 Iskenderun's Mystic Bla  Conj/Tloc      0%         2d3       100%        4
 Manifold Assault         Tloc           0%         N/A       100%        4
 Olgreb's Toxic Radiance  Pois           0%         N/A       100%        4
 Passage of Golubria      Tloc           0%         N/A       100%        4
 Petrify                  Tmut/Erth      0%         N/A       100%        4
 Sticky Flame             Conj/Fire      0%         2d3       100%        4
 Summon Ice Beast         Ice/Summ       0%         N/A       100%        4
 Summon Lightning Spire   Summ/Air       0%         N/A       100%        4
 Agony                    Necr           0%         N/A       100%        5
 Arcjolt                  Conj/Air       0%         1d10      100%        5
 Iskenderun's Battlesphe  Conj           0%         2d6       100%        5
 Lee's Rapid Deconstruct  Erth           0%         3d5*      100%        5
 Lightning Bolt           Conj/Air       0%         1d11      100%        5
 Metabolic Englaciation   Hex/Ice        0%         N/A       100%        5
 Silence                  Hex/Air        0%         N/A       100%        5
 Summon Forest            Summ/Tloc      0%         N/A       100%        5
 Yara's Violent Unravell  Hex/Tmut       0%         3d3       100%        5
 Dispersal                Tloc           0%         N/A       100%        6
 Eringya's Noxious Bog    Tmut/Pois      0%         N/A       100%        6
 Iron Shot                Conj/Erth      0%         9d1       100%        6
 Statue Form              Tmut/Erth      0%         N/A       100%        6
 Enfeeble                 Hex            0%         N/A       100%        7
 Haunt                    Necr/Summ      0%         N/A       100%        7
 Orb of Destruction       Conj           0%         9d5       100%        7
 Spellforged Servitor     Conj/Summ      0%         N/A       100%        7
 Storm Form               Tmut/Air       0%         N/A       100%        7
 Summon Hydra             Summ           0%         N/A       100%        7
 Ignition                 Fire           0%         3d3       100%        8
 Infestation              Necr           0%         N/A       100%        8
 Lehudib's Crystal Spear  Conj/Erth      0%         10d2      100%        8
 Summon Horrible Things   Summ           0%         N/A       100%        8
 Chain Lightning          Conj/Air       0%         N/A       100%        9
 Fire Storm               Conj/Fire      0%         5d1       100%        9
 Shatter                  Erth           0%         3d5*      100%        9


Dungeon Overview and Level Annotations

Branches:
Dungeon (15/15)            Temple (1/1) D:6            Lair (5/5) D:8
 Shoals (4/4) Lair:2        Snake (4/4) Lair:2        Slime (0/5) Lair:4
    Orc (2/2) D:12            Elf (3/3) Orc:2        Vaults (5/5) D:14
  Crypt (0/3) Vaults:2     Depths (4/4) D:15            Zot (0/5) Depths:4
Ossuary (visited)          Bailey (visited)           IceCv (visited)
Volcano (visited)         Gauntlet (visited)

Altars:
Ashenzari
Cheibriados
Dithmenos
Elyvilon
Fedhas
Gozag
Hepliaklqana
Kikubaaqudgha
Makhleb
Nemelex Xobeh
Okawaru
Qazlal
Ru
Sif Muna
Trog
Uskayaw
Vehumet
Wu Jian
Xom
Yredelemnul
Zin
The Shining One
Jiyva
Lugonu

Shops:
D:5 [   D:7 [   Orc:2 !!??   Elf:1 =:=   Elf:2 (   Elf:3 !![(   Shoals:3 ?
Snake:1 *   Snake:2 [   Snake:3 [:[   Vaults:2 [   Vaults:3 (   Depths:1 *[

Portals:
Hell: Depths:1 Depths:2 Depths:3 Depths:4
Abyss: Depths:1 Depths:3
Pandemonium: Depths:2
Ziggurat: Depths:1

Annotations:
D:6 1 runed translucent door, Crazy Yiuf


Innate Abilities, Weirdness & Mutations

You are completely covered in rugged brown scales. (AC +3, +7% HP)
Armour fits poorly on your strangely shaped body.
You have a long armoured tail.
You roll when moving toward enemies. (Rampage)
Your long tongue fully drains potion bottles. (2x potion effects)
Your tongue gives you trouble enunciating. (1.5x scroll delay)
You are dopey. (Int -2)
You are covered in fur. (AC +1)


Message History

You kill the vault guard!
Dithmenos accepts your kill.
You thump the phantasmal warrior! You burn the phantasmal warrior!
The phantasmal warrior is heavily damaged.
The phantasmal warrior hits you but does no damage.
An ancient lich comes into view.
As you read the scroll of teleportation, it crumbles to dust.
You feel strangely unstable.
You block the phantasmal warrior's attack.
You hit the phantasmal warrior. You burn the phantasmal warrior.
Your tail-slap misses the phantasmal warrior.
The phantasmal warrior is heavily damaged.
Your shadow hits the phantasmal warrior with an eveningstar.
You block the phantasmal warrior's attack.
A vault warden comes into view.
It is wielding a +0 war axe and wearing a +2 plate armour of poison resistance.
You crush the phantasmal warrior like a grape!!!
You burn the phantasmal warrior!
You destroy the phantasmal warrior!
Dithmenos accepts your kill.
A yaktaur comes into view.
The ancient lich gestures at you while chanting.
The crystal spear hits you!!!
* * * LOW HITPOINT WARNING * * *
You emit a cloud of dark smoke.
The yaktaur moves out of view.
As you read the scroll of butterflies, it crumbles to dust.
You hear the tinkle of a tiny bell.
You hear some strange, mumbled words.
A bolt of cold appears from out of thin air!
The bolt of cold hits your butterfly!!!
Your butterfly dies!
Your butterfly disappears in a burst of colours!
The bolt of cold hits your butterfly!!!
Your butterfly dies!
Your butterfly disappears in a burst of colours!
The bolt of cold hits your butterfly!!!
Your butterfly dies!
Your butterfly disappears in a burst of colours!
Deactivating autopickup; reactivate with Ctrl-A.
The bolt of cold hits you!! You resist.
You die...

## ..# .. #. #.
##.## #
#..##bbb## '##
#..Lbbbb##b..##
#bb@bbbb....
##bb§bb#'#.
#bb.b## +bb...#
##bbb.# #b.bb{
c.....p
.....##..
##...## #' ..


You could see a vault warden (ally target) and a yaktaur (unable to see you,
ally target).

Vanquished Creatures
  Mara (Elf:3)
  2 juggernauts
  Boris (Depths:3)
  Xtahua (Depths:3)
  Frederick (Vaults:3)
  A shard shrike (IceCv)
  Saint Roka (Depths:1)
  3 golden dragons
  3 tentacled monstrosities
  Jorgrun (Orc:2)
  3 liches
  Asterion (Snake:3)
  3 titans
  A walking earthen tome (Depths:3)
  3 deep elf blademasters
  The ghost of Xeridop the Warrior, an adept HOCK of Xom (Elf:3)
  2 deep elf master archers (Elf:3)
  3 krakens
  4 sphinxes
  Kirke (Shoals:4)
  4 storm dragons
  2 tengu reavers
  A shadow dragon (Depths:2)
  The ghost of freelancePsychic the Spry, an adept DEBe of Trog (Elf:1)
  6 fire giants
  5 nagarajas (Snake:4)
  5 deep elf sorcerers
  Ilsuiw (Shoals:2)
  3 iron dragons
  10 frost giants
  17 vault wardens
  A deep elf elementalist (Elf:3)
  Aizul (Depths:1)
  2 draconian stormcallers (Depths:4)
  A draconian annihilator (Depths:4)
  5 orc warlords
  A spriggan defender (Depths:2)
  A reaper (Depths:1)
  3 war gargoyles
  18 ironbound preservers
  3 vampire knights
  6 ironbound thunderhulks
  15 very ugly things
  12 stone giants
  6 deep elf demonologists
  A yellow draconian (Depths:4)
  20 dire elephants
  Azrael (Snake:2)
  5 deep elf annihilators
  5 spark wasps
  A minotaur (Gauntlet)
  3 white draconians
  A bunyip (Abyss:2)
  5 crystal guardians
  2 purple draconians (Depths:4)
  The ghost of Poxta the Cleaver, a journeyman MiBe of Trog (Orc:1)
  7 deep elf death magi
  Josephine (D:11)
  6 yaktaur captains
  12 merfolk javelineers
  2 jiangshi (Depths:2)
  2 fire dragons
  8 merfolk impalers
  4 deep elf high priests
  4 great orbs of eyes
  23 ettins
  An entropy weaver (shapeshifter) (D:15)
  4 rakshasas
  Harold (D:10)
  5 peacekeepers
  2 hell beasts (Depths:1)
  10 ice dragons
  A salamander tyrant (Snake:4)
  32 vault guards
  3 ogre magi
  2 catoblepae
  5 hydras
  2 spriggan air magi (Depths:2)
  Erica (D:8)
  21 centaur warriors
  11 ironbound frosthearts
  3 merfolk avatars
  A two-headed ogre (shapeshifter) (D:13)
  9 two-headed ogres
  34 dancing weapons
  7 deep troll shamans
  17 anacondas
  4 merfolk aquamancers
  7 boulder beetles
  An alligator (Lair:4)
  A satyr (shapeshifter) (D:15)
  20 naga warriors
  8 death yaks
  4 shock serpents
  3 tengu warriors
  9 orc high priests
  5 spriggan berserkers
  Urug (D:11)
  3 hell hogs (Depths:4)
  7 deep troll earth magi
  2 vampire magi
  19 naga sharpshooters
  The ghost of Aky Rat the Merchant of Misery, a novice DsNe of Kikubaaqudgha (Lair:1)
  7 hell knights
  18 deep elf knights
  3 sun demons
  2 soul eaters (Depths:4)
  8 iron trolls
  A quicksilver dragon simulacrum (Depths:1)
  2 shadow wraiths
  Amaemon (D:8)
  19 sea snakes
  4 salamander mystics
  55 deep trolls
  5 glowing orange brains
  A flayed ghost (Depths:2)
  8 naga ritualists
  A death drake (shapeshifter) (Vaults:5)
  8 deep elf archers
  2 necromancers
  13 orc knights
  10 lindwurms
  9 harpies
  38 deep elf pyromancers
  27 deep elf zephyrmancers
  An orange crystal statue (IceCv)
  25 ironbound convokers
  8 wizards
  9 mana vipers
  4 phantasmal warriors
  An orc sorcerer (Elf:2)
  A wolf spider (D:15)
  6 fauns
  16 manticores
  A salamander (shapeshifter) (Elf:2)
  A worldbinder (Abyss:2)
  42 ugly things
  22 salamanders
  3 cyclopes
  An elephant (shapeshifter) (Vaults:1)
  16 elephants
  12 guardian serpents
  7 merfolk sirens
  10 naga magi
  43 black mambas
  20 vault sentinels
  A water nymph (shapeshifter) (Depths:1)
  An orange demon (D:8)
  17 water nymphs
  Joseph (D:8)
  2 smoke demons
  8 cane toads
  A torpor snail (Lair:5)
  A rime drake (shapeshifter) (Elf:1)
  3 centaur skeletons (D:15)
  18 rime drakes
  A gargoyle (D:13)
  An unseen horror (D:13)
  Psyche (D:10)
  2 tengu conjurers (Depths:1)
  An ice devil (Gauntlet)
  22 yaktaurs
  6 trolls
  7 komodo dragons
  23 polar bears
  6 meliai
  41 merfolk
  A tyrant leech (Gauntlet)
  16 wind drakes
  7 hornets
  Prince Ribbit (D:7)
  3 dream sheep (Lair:5)
  45 slime creatures
  6 snapping turtles
  19 blink frogs
  7 air elementals
  A vampire (D:14)
  3 shadows
  24 water elementals
  8 wraiths
  2 wyverns
  14 spriggans
  10 fire elementals
  35 yaks
  4 hogs (Shoals:4)
  Grum (D:10)
  6 basilisks
  6 vampire mosquitoes
  3 steam dragons
  A small abomination (Abyss:2)
  7 wargs
  Edmund (D:6)
  7 swamp worms (Gauntlet)
  31 nagas
  An acid dragon (D:12)
  5 water moccasins
  2 hell hounds (Snake:2)
  2 floating eyes
  A swamp drake (D:8)
  2 sky beasts
  26 orc warriors
  2 ice beasts (D:7)
  4 black bears
  16 boggarts
  10 ogres
  52 wolves
  21 centaurs
  2 kobold brigands
  2 phantoms
  A scorpion (D:7)
  12 bullfrogs
  A necrophage (D:7)
  3 earth elementals
  9 wights
  10 electric eels
  3 hounds
  3 jellies
  39 orc priests
  An iron imp (Abyss:2)
  A boggart zombie (D:15)
  An iguana (D:6)
  9 orc wizards
  2 hell rats (Lair:4)
  2 mummies
  2 gnolls (Bailey)
  3 adders
  A shadow imp (D:7)
  5 white imps
  2 worms
  A dart slug (D:4)
  78 orcs
  2 spectral bats (Ossuary)
  8 bats
  10 endoplasms
  A giant cockroach (D:3)
  16 goblins
  13 hobgoblins
  9 jackals
  21 kobolds
  6 quokkas
  6 ball pythons
  2 bat simulacra (Ossuary)
  4 frilled lizards
  12 gnoll zombies (Ossuary)
  2 goblin simulacra (Ossuary)
  6 goblin zombies (Ossuary)
  7 hobgoblin zombies (Ossuary)
  7 kobold simulacra (Ossuary)
  2 kobold zombies (Ossuary)
  3 orc zombies (Ossuary)
  6 rats
  A rat simulacrum (Ossuary)
  3 spectral goblins (Ossuary)
  4 spectral kobolds (Ossuary)
  5 spectral rats (Ossuary)
1965 creatures vanquished.

Vanquished Creatures (collateral kills)
  A purple draconian (Depths:4)
  A manticore (Shoals:4)
  A hog (Shoals:4)
3 creatures vanquished.

Vanquished Creatures (others)
  A fire giant (Elf:3)
  An orc warlord (Elf:3)
  An ironbound thunderhulk (Vaults:3)
  A merfolk aquamancer (Shoals:4)
  A deep elf knight (Elf:1)
  A wizard (Vaults:2)
  An ironbound convoker (Vaults:1)
  A phantasmal warrior (Vaults:5)
  A deep elf pyromancer (Elf:2)
  A water elemental (Shoals:4)
  26 fungi
  114 plants
  66 tentacles
216 creatures vanquished.

Grand Total: 2184 creatures vanquished

Notes
Turn   | Place    | Note
-------+----------+-------------------------------------------
     0 | D:1      | mandarbmax the Armataur Fighter began the quest for the
                  | Orb.
     0 | D:1      | Reached XP level 1. HP: 19/19 MP: 1/1
   138 | D:1      | Reached XP level 2. HP: 26/26 MP: 2/2
   198 | D:1      | Reached skill level 4 in Armour
   578 | D:1      | Found a faded altar of an unknown god.
   582 | D:1      | Reached XP level 3. HP: 32/32 MP: 3/3
   923 | D:1      | Found a sacrificial altar of Ru.
  1092 | D:2      | Found a shadowy altar of Dithmenos.
  1842 | D:3      | Found a bloodstained altar of Trog.
  1843 | D:3      | Found a blossoming altar of Fedhas.
  2112 | D:3      | Reached XP level 4. HP: 40/40 MP: 4/4
  2664 | D:4      | Found a sand-covered staircase.
  2674 | Ossuary  | Entered an ossuary
  2844 | Ossuary  | Reached XP level 5. HP: 48/48 MP: 5/5
  3731 | D:5      | Entered Level 5 of the Dungeon
  3749 | D:5      | Found a burning altar of Makhleb.
  3756 | D:5      | Reached skill level 5 in Maces & Flails
  3956 | D:5      | Noticed a centaur
  3962 | D:5      | Killed a centaur
  3963 | D:5      | Reached XP level 6. HP: 37/54 MP: 6/6
  4086 | D:5      | Found Pias's Antique Armour Shop.
  4462 | D:6      | Reached XP level 7. HP: 60/60 MP: 7/7
  4467 | D:6      | Found a staircase to the Ecumenical Temple.
  4478 | Temple   | Entered the Ecumenical Temple
  4601 | D:2      | Became a worshipper of Dithmenos the Shadowed
  4681 | D:6      | Noticed Edmund
  4690 | D:6      | Killed Edmund
  4719 | D:6      | Found a white marble altar of Elyvilon.
  4891 | D:6      | Found a sparkling altar of Nemelex Xobeh.
  4891 | D:6      | Found a hazy altar of Hepliaklqana.
  4892 | D:6      | Found a broken altar of Ashenzari.
  4946 | D:6      | Found a runed translucent door.
  4947 | D:6      | Noticed Crazy Yiuf
  5343 | D:7      | Reached XP level 8. HP: 66/67 MP: 8/8
  5445 | D:7      | Noticed Prince Ribbit
  5458 | D:7      | Killed Prince Ribbit
  5764 | D:7      | Reached skill level 10 in Maces & Flails
  5964 | D:7      | Found Ifranon's Antique Armour Shop.
  5971 | D:7      | Bought an encrusted helmet for 247 gold pieces
  5971 | D:7      | Identified the +1 helmet "Vyfrenless" {Drain rF+ rCorr}
                  | (You bought it in a shop on level 7 of the Dungeon)
  6016 | D:7      | Reached XP level 9. HP: 63/73 MP: 9/9
  6076 | D:7      | Found a shimmering blue altar of Sif Muna.
  6385 | D:5      | Bought a shiny chain mail for 202 gold pieces
  6450 | D:8      | Reached * piety under Dithmenos
  6799 | D:8      | Noticed a komodo dragon
  6811 | D:8      | Killed a komodo dragon
  6940 | D:8      | Found a staircase to the Lair.
  6940 | D:8      | Noticed a komodo dragon
  6955 | D:8      | Killed a komodo dragon
  7032 | D:8      | Reached skill level 1 in Stealth
  7172 | D:8      | Noticed Erica
  7185 | D:8      | Killed Erica
  7186 | D:8      | Reached skill level 5 in Armour
  7361 | D:8      | Found a radiant altar of Vehumet.
  7593 | D:8      | Reached XP level 10. HP: 82/82 MP: 10/10
  7723 | D:8      | Noticed Joseph
  7738 | D:8      | Killed Joseph
  7739 | D:8      | Reached skill level 6 in Armour
  7915 | D:8      | Noticed an orange demon
  7916 | D:8      | Noticed Amaemon
  7932 | D:8      | Killed Amaemon
  7938 | D:8      | Killed an orange demon
  7939 | D:8      | Reached skill level 5 in Stealth
  8613 | D:9      | Reached skill level 7 in Armour
  9291 | D:10     | Entered Level 10 of the Dungeon
  9363 | D:10     | Found a flagged portal.
  9399 | Bailey   | Entered a bailey
  9414 | Bailey   | Reached ** piety under Dithmenos
  9421 | Bailey   | Noticed an orc warlord
  9421 | Bailey   | Found the +1 cloak of Starlight {*Dazzle EV+4 Stlth--}
  9537 | Bailey   | Found a runed translucent gate.
  9540 | Bailey   | Found a runed translucent gate.
  9541 | Bailey   | Found a runed translucent gate.
  9628 | Bailey   | Killed an orc warlord
  9629 | Bailey   | Reached XP level 11. HP: 30/87 MP: 11/11
  9808 | D:10     | Acquired a manual of Maces & Flails
  9829 | D:10     | Noticed Grum
  9848 | D:10     | Reached skill level 8 in Armour
  9856 | D:10     | Killed Grum
 10025 | D:10     | Found a shadowy altar of Dithmenos.
 10355 | D:10     | Found a shadowy altar of Dithmenos.
 10358 | D:10     | Found a sparkling altar of Nemelex Xobeh.
 10358 | D:10     | Found a shimmering blue altar of Sif Muna.
 10360 | D:10     | Found a shimmering altar of Xom.
 10360 | D:10     | Found an ornate altar of the Wu Jian Council.
 10360 | D:10     | Found an iron altar of Okawaru.
 10405 | D:10     | Noticed Harold
 10416 | D:10     | Killed Harold
 10450 | D:10     | Noticed Psyche
 10468 | D:10     | Killed Psyche
 10741 | Lair:1   | Entered Level 1 of the Lair of Beasts
 10976 | Lair:1   | Found a runed translucent gate.
 10976 | Lair:1   | Found a runed translucent gate.
 10976 | Lair:1   | Found a runed translucent gate.
 10977 | Lair:1   | Noticed Aky Rat's ghost (novice DsNe)
 10977 | Lair:1   | Noticed a 12-headed hydra
 11020 | Lair:1   | Identified the +2 ring mail of Dim Light {-Tele *Corrode
                  | rElec Dex+9}
 11423 | Lair:1   | Killed a 12-headed hydra
 11424 | Lair:1   | Reached skill level 15 in Maces & Flails
 11424 | Lair:1   | Reached skill level 9 in Armour
 11457 | Lair:1   | Killed Aky Rat's ghost
 11759 | Lair:2   | Reached *** piety under Dithmenos
 11835 | Lair:2   | Found a staircase to the Snake Pit.
 11928 | Lair:2   | Found a staircase to the Shoals.
 12159 | Lair:2   | Reached XP level 12. HP: 95/95 MP: 12/12
 12199 | Lair:2   | Reached skill level 10 in Armour
 12375 | Lair:2   | Acquired a manual of Stealth
 12379 | Lair:2   | Noticed a catoblepas
 12390 | Lair:2   | Killed a catoblepas
 12894 | Lair:3   | Reached skill level 10 in Stealth
 13173 | Lair:3   | Reached **** piety under Dithmenos
 13770 | Lair:4   | Reached skill level 11 in Armour
 13864 | Lair:4   | Found a dark tunnel.
 13872 | Volcano  | Entered a volcano
 13899 | Volcano  | Found a bloodstained altar of Trog.
 13976 | Volcano  | Reached XP level 13. HP: 87/105 MP: 13/13
 14293 | Lair:4   | Found a staircase to the Slime Pits.
 14294 | Lair:4   | Found a viscous altar of Jiyva.
 14461 | Lair:4   | Reached skill level 5 in Fighting
 14717 | Lair:4   | Noticed a dire elephant
 14737 | Lair:4   | Killed a dire elephant
 14936 | Lair:4   | Reached skill level 15 in Stealth
 15151 | Lair:4   | Reached ***** piety under Dithmenos
 15676 | Lair:5   | Entered Level 5 of the Lair of Beasts
 15698 | Lair:5   | Reached skill level 1 in Evocations
 16226 | Lair:5   | Reached XP level 14. HP: 101/123 MP: 14/14
 16682 | Lair:5   | Reached skill level 5 in Evocations
 17215 | Lair:5   | Identified the +0 scale mail of Perfidy {rElec}
 17898 | D:11     | Noticed Urug
 17920 | D:11     | Killed Urug
 17920 | D:11     | Reached ****** piety under Dithmenos
 18160 | D:11     | Found a large runed translucent door.
 18160 | D:11     | Found a large runed translucent door.
 18247 | D:11     | Noticed Josephine
 18272 | D:11     | Killed Josephine
 18830 | D:11     | Paralysed by an air elemental for 1 turns
 19146 | D:12     | Found a gate leading to a gauntlet.
 19154 | Gauntlet | Entered a Gauntlet
 19154 | Gauntlet | Found a transporter.
 19162 | Gauntlet | Found a transporter.
 19164 | Gauntlet | Found a transporter.
 19165 | Gauntlet | Found a transporter.
 19169 | Gauntlet | Found a runed translucent door.
 19169 | Gauntlet | Found a runed translucent door.
 19173 | Gauntlet | Found a transporter.
 19176 | Gauntlet | Found a transporter.
 19177 | Gauntlet | Found a transporter.
 19186 | Gauntlet | Found a transporter.
 19189 | Gauntlet | Found a transporter.
 19190 | Gauntlet | Found a transporter.
 19198 | Gauntlet | Found a transporter.
 19201 | Gauntlet | Found a transporter.
 19202 | Gauntlet | Found a transporter.
 19218 | Gauntlet | Found a transporter.
 19545 | Gauntlet | Identified the ring of Ytet {Will+ Str-5 Dex+6 Slay+5}
 19732 | Gauntlet | Identified the +1 chain mail "Aprily" {Str+4}
 19736 | Gauntlet | Identified the +2 cloak of Pragmatism {rC+ Str+6 Dex+4}
 20005 | D:12     | Found a staircase to the Orcish Mines.
 20760 | D:13     | Identified the +0 leather armour of Rit Tonu {rF++}
 21367 | D:14     | Reached skill level 10 in Fighting
 21576 | D:14     | Reached XP level 15. HP: 134/134 MP: 15/15
 21811 | D:14     | Found a gate to the Vaults.
 22277 | Orc:1    | Entered Level 1 of the Orcish Mines
 22413 | Orc:2    | Entered Level 2 of the Orcish Mines
 22443 | Orc:2    | Found a staircase to the Elven Halls.
 22735 | Orc:1    | Found a runed translucent door.
 22737 | Orc:1    | Noticed Poxta's ghost (journeyman MiBe)
 22893 | Orc:1    | Killed Poxta's ghost
 22899 | Orc:1    | Got the Papyrus of Relativism
 23528 | Orc:2    | Found Monwahat's Magic Scroll Shoppe.
 23528 | Orc:2    | Found Qaedghu's Magic Scroll Shop.
 23605 | Orc:2    | Bought a scroll of identify for 24 gold pieces
 23605 | Orc:2    | Bought a scroll of identify for 24 gold pieces
 23675 | Orc:2    | Found Vienuan's Distillery.
 23675 | Orc:2    | Found Urasozeog's Distillery.
 24436 | Elf:1    | Entered Level 1 of the Elven Halls
 24436 | Elf:1    | Noticed Jorgrun
 24445 | Elf:1    | Reached skill level 1 in Dodging
 24703 | Orc:2    | Killed Jorgrun
 25087 | Elf:1    | Found Erreyhouq's Jewellery Emporium.
 25087 | Elf:1    | Found Xotyir's Jewellery Emporium.
 25087 | Elf:1    | Found Qawovemi's Book Boutique.
 25564 | Elf:1    | Paralysed by an air elemental for 1 turns
 25946 | Elf:1    | Identified the +1 ring mail of the Wasteland {rN++ Int+2}
 26010 | Elf:1    | Found a runed translucent door.
 26011 | Elf:1    | Noticed freelancePsychic's ghost (adept DEBe)
 26027 | Elf:1    | Paralysed by an air elemental for 1 turns
 26179 | Elf:1    | Reached skill level 12 in Armour
 26471 | Elf:1    | Killed freelancePsychic's ghost
 26472 | Elf:1    | Reached XP level 16. HP: 116/148 MP: 2/16
 26635 | Elf:2    | Found an ancient bone altar of Kikubaaqudgha.
 26671 | Elf:2    | Reached skill level 13 in Armour
 27084 | Elf:2    | Reached skill level 14 in Armour
 27094 | Elf:2    | Found a runed translucent gate.
 27125 | Elf:2    | Found a runed translucent gate.
 27125 | Elf:2    | Found a runed translucent gate.
 27315 | Elf:2    | Found Quolin's Weapon Shop.
 27472 | Elf:2    | Reached skill level 15 in Armour
 28165 | Elf:2    | Reached skill level 5 in Dodging
 28184 | Elf:2    | Found a corrupted altar of Lugonu.
 28331 | Elf:2    | Bought a +5 vorpal eveningstar for 841 gold pieces
 28537 | D:15     | Entered Level 15 of the Dungeon
 28584 | D:15     | Found a frozen archway.
 28593 | IceCv    | Entered an ice cave
 28697 | IceCv    | Reached skill level 10 in Evocations
 29215 | IceCv    | Noticed a shard shrike
 29224 | IceCv    | Killed a shard shrike
 29367 | IceCv    | Identified the +5 ring mail "Timp" {Str+3 Int-3 Dex+8
                  | Stlth-}
 29402 | IceCv    | Identified the +1 pair of boots "Neebli" {rC+}
 29536 | D:15     | Reached XP level 17. HP: 156/156 MP: 17/17
 29933 | D:15     | Found a staircase to the Depths.
 30494 | D:15     | Identified the +4 quarterstaff "Tiedghoki" {freeze, rN+
                  | Dex+5}
 30497 | D:15     | Identified the +4 rapier of Demonkind {flame, Contam rC+
                  | Int+2 Dex+3}
 31015 | D:5      | Bought a glimmering plate armour for 756 gold pieces
 31015 | D:5      | Identified the +7 plate armour "Mikkakke" {rN++} (You
                  | bought it in a shop on level 5 of the Dungeon)
 31201 | D:7      | Bought a jewelled kite shield for 247 gold pieces
 31201 | D:7      | Identified the -1 kite shield "Cebeod" {rF+ Int+4 Dex+9
                  | Slay-2} (You bought it in a shop on level 7 of the Dungeon)
 31201 | D:7      | Bought an embroidered cloak for 195 gold pieces
 31396 | Shoals:1 | Entered Level 1 of the Shoals
 32163 | Shoals:1 | Reached skill level 16 in Armour
 32488 | Elf:1    | Bought a ring of flight for 315 gold pieces
 32892 | Shoals:1 | Noticed a kraken
 32919 | Shoals:1 | Killed a kraken
 34159 | Shoals:2 | You are sucked into a shaft and drop 1 floor!
 34359 | Shoals:2 | Noticed Ilsuiw
 34373 | Shoals:2 | Killed Ilsuiw
 35160 | Shoals:3 | Found Mov Roix's Magic Scroll Shop.
 35345 | Shoals:3 | Reached skill level 17 in Armour
 36323 | Shoals:4 | Entered Level 4 of the Shoals
 36323 | Shoals:4 | Noticed a kraken
 36353 | Shoals:4 | Found a shimmering blue altar of Sif Muna.
 36389 | Shoals:4 | Reached XP level 18. HP: 66/165 MP: 16/18
 36929 | Shoals:4 | Identified the ring "Titwuf" {rElec rF++ Int+6 Stlth+}
 36936 | Shoals:4 | Paralysed by an air elemental for 1 turns
 36941 | Shoals:4 | Paralysed by an air elemental for 1 turns
 37835 | Shoals:4 | Got a barnacled rune of Zot
 39075 | Shoals:4 | Reached skill level 18 in Armour
 39197 | Shoals:4 | Paralysed by an air elemental for 1 turns
 39369 | Shoals:4 | Noticed Kirke
 39381 | Shoals:4 | Killed Kirke
 39781 | Snake:1  | Entered Level 1 of the Snake Pit
 39937 | Snake:1  | Identified the +0 ring mail "Tuvy" {rF+ Dex+4}
 40499 | Snake:1  | Found a transporter.
 40633 | Snake:1  | Found a transporter.
 40635 | Snake:1  | Found the +12 pair of quick blades "Gyre" and "Gimble"
                  | {protect}
 40837 | Snake:1  | Reached skill level 15 in Evocations
 40851 | Snake:1  | Gained mutation: You are dopey. (Int -2) [mutagenic glow]
 40864 | Snake:1  | Identified the ring "Isur Etoma" {AC+4 Str+3 Stlth+}
 40877 | Snake:1  | Gained mutation: You are covered in fur. (AC +1) [mutagenic
                  | glow]
 41047 | Snake:1  | Identified the ring of Zewasij {Will+ Str+3 Int+6 SInv}
 41052 | Snake:1  | Identified the amulet of Kutixeoll {RegenMP Harm Int+6}
 41724 | Snake:2  | Noticed Azrael
 41738 | Snake:2  | Killed Azrael
 41970 | Snake:2  | Upgraded the game from 0.30-a0-223-gcb0039aa0c to
                  | 0.30-a0-241-g1121274140
 42020 | Snake:1  | Found Zixax's Overcharged Wands.
 42237 | Snake:2  | Found Ury Rogh's Antique Armour Shop.
 42967 | Snake:3  | Found Waosit's Armour Emporium.
 42970 | Snake:3  | Found Ingiub's Book Shoppe.
 42972 | Snake:3  | Found Ucaphop's Armour Emporium.
 43082 | Snake:3  | Noticed Asterion
 43091 | Snake:3  | Killed Asterion
 43137 | Snake:3  | Noticed Vashnia
 43140 | Snake:3  | Reached skill level 19 in Armour
 43143 | Snake:3  | Vashnia changed into Vashnia the dire elephant
 43143 | Snake:3  | Noticed Vashnia
 43159 | Snake:2  | Killed Vashnia the dire elephant
 43317 | Snake:3  | Reached XP level 19. HP: 107/178 MP: 19/19
 43698 | Snake:4  | Entered Level 4 of the Snake Pit
 44663 | Snake:4  | Reached skill level 20 in Armour
 44792 | Snake:4  | Reached skill level 1 in Invocations
 46060 | Snake:4  | Got a serpentine rune of Zot
 46761 | Depths:1 | Entered Level 1 of the Depths
 46767 | Depths:1 | Found a one-way gateway to a ziggurat.
 46799 | Depths:1 | Reached skill level 5 in Shields
 47076 | Depths:1 | Found a gateway to Hell.
 47098 | Depths:1 | Reached skill level 15 in Fighting
 47204 | Depths:1 | Found Upinneh's CLEARANCE SALE!.
 47212 | Depths:1 | Bought a potion of mutation for 24 gold pieces
 47212 | Depths:1 | Bought a scroll of teleportation for 9 gold pieces
 47267 | Depths:1 | Noticed Aizul
 47275 | Depths:1 | Killed Aizul
 47411 | Depths:1 | Noticed Saint Roka
 47658 | Depths:1 | Found Plog's Armour Shoppe.
 47795 | Depths:1 | Found a one-way gate to the infinite horrors of the Abyss.
 48257 | Depths:1 | Killed Saint Roka
 48428 | Depths:2 | Reached XP level 20. HP: 170/180 MP: 23/23
 48546 | Depths:2 | Identified the +0 leather armour of Ladi {Rampage +Inv
                  | Int-5 SInv}
 49015 | Depths:2 | Reached skill level 10 in Shields
 49125 | Depths:2 | Found a one-way gate leading to the halls of Pandemonium.
 49795 | Depths:2 | Found a runed translucent door.
 49796 | Depths:2 | Found a runed translucent door.
 50268 | Depths:2 | Found a blossoming altar of Fedhas.
 50324 | Depths:2 | Found the +8 longbow "Zephyr" {speed, Dex+3 SInv}
 50328 | Depths:2 | Noticed a golden dragon
 50340 | Depths:2 | Killed a golden dragon
 51485 | Depths:3 | Reached skill level 15 in Shields
 51963 | Depths:2 | Identified the +1 quarterstaff "Jefiwk" {vamp, *Noise rPois
                  | Int-3 Dex+5}
 52551 | Depths:3 | Noticed Xtahua
 52565 | Depths:3 | Killed Xtahua
 52625 | Depths:3 | Noticed Boris
 52633 | Depths:3 | Killed Boris
 52634 | Depths:3 | Reached XP level 21. HP: 183/188 MP: 24/24
 52935 | Depths:3 | Noticed a juggernaut
 52951 | Depths:3 | Killed a juggernaut
 53115 | Depths:3 | Identified the +8 dagger "Ogotit" {drain, *Corrode rN+++}
 53117 | Depths:3 | Got the Compilation of Rallying and the Voyage
 53135 | Depths:3 | Identified the +10 quarterstaff of the Final Scars {spect,
                  | rElec rC- Str+6 Stlth-}
 53220 | Depths:4 | Entered Level 4 of the Depths
 53283 | Depths:4 | Noticed a juggernaut
 53300 | Depths:4 | Killed a juggernaut
 55491 | Depths:4 | Found a gate to the Realm of Zot.
 56155 | Depths:4 | Noticed a golden dragon
 56181 | Depths:4 | Killed a golden dragon
 57267 | Snake:3  | Bought the +2 hat of the Bear Spirit {Spirit, *Rage Will++}
                  | for 383 gold pieces
 57267 | Snake:3  | Found the +2 hat of the Bear Spirit {Spirit, *Rage Will++}
 58221 | Elf:3    | Entered Level 3 of the Elven Halls
 58242 | Elf:3    | Found a runed translucent gate.
 58242 | Elf:3    | Found a runed translucent gate.
 58245 | Elf:3    | Found a runed translucent gate.
 58246 | Elf:3    | Noticed Xeridop's ghost (adept HOCK)
 58309 | Elf:3    | Found an iron altar of Okawaru.
 58632 | Elf:3    | Found the +3 pair of mountain boots {steadfast, rC+}
 58739 | Elf:3    | Identified the amulet "Toggoh" {Spirit Str+4}
 58739 | Elf:3    | Identified the ring of Pexe Kups {+Blink rElec rC+ MP+9
                  | Str+2}
 59208 | Elf:3    | Found Kofov's Armour Emporium.
 59210 | Elf:3    | Found Eqoblu's Antique Weapon Emporium.
 59210 | Elf:3    | Found Etekintid's Distillery.
 59212 | Elf:3    | Found Zeh Teu's Distillery.
 59472 | Elf:3    | Bought a potion of heal wounds for 70 gold pieces
 59472 | Elf:3    | Bought a potion of heal wounds for 70 gold pieces
 59898 | Elf:3    | Reached XP level 22. HP: 216/216 MP: 25/25
 60067 | Elf:3    | Noticed Mara
 60072 | Elf:3    | Noticed mandarbmax's illusion
 60073 | Elf:3    | Killed Mara
 60325 | Elf:3    | Got the Precepts of Filth
 60327 | Elf:3    | Identified the +6 sling of Xouhogeyre {venom, rCorr Int+3
                  | Dex+3}
 60337 | Elf:3    | Identified the +2 helmet of Cyta {Int+3}
 60541 | Elf:3    | Identified the +8 rapier "Cyisa" {vorpal, Fragile Str+6}
 60578 | Elf:3    | Identified the +10 mace of Valour {flame, *Slow Will++
                  | Dex+2}
 60586 | Elf:3    | Identified the +2 war axe of Okawaru's Anger {elec, rN+
                  | Will- rCorr Dex+4}
 60951 | Depths:1 | Bought a +0 pair of gloves for 13 gold pieces
 61224 | Elf:3    | Killed Xeridop's ghost
 61254 | Elf:3    | Identified the +5 scale mail of Idumorph {Contam rPois rN+}
 61539 | Vaults:1 | Entered Level 1 of the Vaults
 61566 | Vaults:1 | Reached skill level 21 in Armour
 62201 | Vaults:1 | Reached skill level 22 in Armour
 62753 | Vaults:2 | Found Cief Hit's Armour Shoppe.
 63048 | Vaults:2 | Reached skill level 23 in Armour
 63078 | Abyss:2  | Cast into level 2 of the Abyss (a wizard)
 63200 | Vaults:2 | Escaped the Abyss
 63914 | Vaults:2 | Found a staircase to the Crypt.
 63914 | Vaults:2 | Found a basalt altar of Yredelemnul.
 63914 | Vaults:2 | Found an ancient bone altar of Kikubaaqudgha.
 64148 | Vaults:2 | Acquired 1028 gold pieces
 64185 | Vaults:2 | Reached XP level 23. HP: 131/223 MP: 20/26
 64457 | Vaults:3 | Found Rojeph's Weapon Shoppe.
 64959 | Vaults:3 | Noticed Frederick
 64969 | Vaults:3 | Killed Frederick
 66166 | Vaults:3 | You are sucked into a shaft and drop 1 floor!
 66825 | Vaults:5 | Entered Level 5 of the Vaults
 67735 | Vaults:5 | Reached XP level 24. HP: 41/231 MP: 8/26
 67793 | Vaults:5 | Noticed an ancient lich
 67797 | Vaults:5 | Killed from afar by a lich

Illustrated notes

Levels and vault maps discovered:
D:1:      dpeg_arrival_water_altar, layout_basic,
          hellmonk_ecumenical_altar_arch_garden
D:2:      minmay_alternating_diamond, layout_loops_cross, basic_altar,
          minmay_door_square
D:3:      layout_loops_ring, mainiacjoe_overflow_divided_tiny
D:4:      layout_loops_corners, gup_ossuary_entry_pyramid
D:5:      layout_cave_pools, amcnicky_altar_gilded, serial_shops,
          kennysheep_mini
D:6:      layout_basic, nicolae_overflow_crystal_walls,
          gammafunk_temple_overflow_claw, minmay_temple_entry_overgrown,
          uniq_edmund, uniq_crazy_yiuf_cottage
D:7:      layout_loops_ring, nicolae_sif_muna_little_library, serial_shops,
          shop_fountains, uniq_prince_ribbit1
D:8:      layout_basic, vehumet_altar_wand_db, erik_lair_dragon, uniq_erica,
          uniq_joseph, uniq_amaemon
D:9:      nicolae_whirlpool, layout_grid_maze, serial_bayou,
          serial_bayou_pond_d, serial_bayou_lagoon_b, serial_bayou_lake_a,
          serial_bayou_ford_a
D:10:     layout_roguey, nicolae_dithmenos_the_darkroom, doesnt_xom_only_xom,
          enter_bailey_5, dreamdust_princess_corridor, uniq_harold, uniq_psyche,
          uniq_grum
D:11:     layout_long_grid, lightli_elemental_guards, uniq_josephine, uniq_urug
D:12:     layout_layer_cave, orc_0_dummy, gauntlet_entry_generic
D:13:     layout_basic
D:14:     layout_roguey, david_vaults_5, nrook_mini_vaults
D:15:     gammafunk_enter_depths_forms, layout_loops_corners,
          portal_ice_cave_entry_dragon, minmay_crystal_water
Temple:   nicolae_temple_ecumenical_triangle
Lair:1:   layout_roguey, gammafunk_ghost_hydra_chop
Lair:2:   layout_roguey, elwin_shoals_entry_rooms, dummy_snake_entry
Lair:3:   layout_chaotic_city, chequers_serial_rivers_large_b,
          grunt_megastairs_1
Lair:4:   layout_layer_cave, slime_entry_1, lightli_volcano_entry_magma_tube,
          dreamdust_deal_with_the_devil, chequers_serial_rivers_large_a,
          nicolae_lair_lakeside_cave
Lair:5:   minmay_lair_end_enchanted_forest, layout_long_grid
Shoals:1: layout_shoals
Shoals:2: layout_shoals, centaur_isle, uniq_ilsuiw
Shoals:3: layout_shoals, serial_shops, shop
Shoals:4: shoals_end_hellmonk_storm_palace [storm_palace_center_circular,
          storm_palace_corner_reverse_hut, storm_palace_corner_pillars,
          storm_palace_corner_altar, storm_palace_corner_pillars], uniq_kirke
Snake:1:  gammafunk_its_a_trap, layout_concentric_octagons, drop_trap,
          nicolae_shop_overcharged_wands
Snake:2:  nrook_guardian_serpent_snake_passage, layout_onion, serial_shops,
          nicolae_square_shop, serial_bayou_shore_a, uniq_azrael
Snake:3:  layout_cave_shapes, minmay_shop_star, nicolae_triple_integral,
          uniq_vashnia, uniq_asterion
Snake:4:  grunt_snake_rune_serpentine_throne, layout_rooms, minmay_snake_pond
Orc:1:    layout_caves, gammafunk_ghost_grave, hellmonk_bongcloud_opening,
          kennysheep_orc_chapel
Orc:2:    st_orc_town, layout_diamond_mine, mines2_david
Elf:1:    minmay_elf_arrival_summoners, layout_geoelf_diagonals,
          ebering_ghost_inner_flame, minmay_elf_crystal_heptagon,
          minmay_shop_grove, uniq_jorgrun
Elf:2:    nicolae_elf_blades_crystal_corner, layout_geoelf_octagon, basic_altar,
          special_room [special_room_orc], serial_shops, shop,
          minmay_misc_feat_five, nicolae_elf_theology_debate
Elf:3:    elf_hall_gauntlet_narrow, layout_geoelf_diagonals,
          gammafunk_ghost_fury_of_okawaru, minmay_shoptagon, uniq_mara
Vaults:1: vaults_room_fours, v_alt_pattern_2, nicolae_vaults_quartermaster,
          vaults_room_pools, grunt_vaults_funnel, layout_vaults_big_room
Vaults:2: grunt_vaults_hallway_long, hangedman_vaults_locks,
          minmay_crypt_entry_necro_gods, grunt_vaults_trifunnel,
          vaults_dpeg_spiral, st_lattice, v_misc_12,
          nicolae_vaults_network_star, v_pattern_4, v_misc_2,
          vaults_dpeg_emergency_exit, nicolae_vaults_ring_of_whatevers,
          layout_vaults_omnibox, serial_shops, shop_fountains
Vaults:3: nicolae_vaults_alarming, ontoclasm_vaults_fault,
          nicolae_vaults_big_ls, nicolae_vaults_twisting_passages,
          hangedman_vaults_unwind, nicolae_vaults_specimen_jars,
          vaults_mumra_minichess_inversion, nicolae_vaults_what_the_h,
          grunt_vaults_hallway_short, vaults_dpeg_hooks,
          layout_vaults_maze_snakey, serial_shops,
          nicolae_shop_temple_entry_statues_fountains, uniq_frederick
Vaults:4: vaults_standard_mumra_lines, hangedman_vaults_pinch,
          nicolae_vaults_rhombus_5, v_alt_pattern_6, v_misc_13,
          nicolae_vaults_circle_grid_b, vaults_room_large_hall,
          vaults_room_pools, ontoclasm_vaults_eye, ontoclasm_vaults_ligature,
          vaults_room_large_hall, ontoclasm_vaults_decontamination,
          vaults_mumra_hex, layout_vaults_omnicross
Vaults:5
Depths:1: layout_gridville, enter_ziggurat_b, serial_shops, shop,
          minmay_misc_feat_secret_circle, abyss_entry, grunt_mini_vestibule,
          nicolae_shop_clearance, uniq_aizul, uniq_saint_roka
Depths:2: minmay_the_grid_triangle_9x9_rhombus_full
          [minmay_the_grid_triangle_9x9_negative_grid,
          minmay_the_grid_triangle_9x9_dagger,
          minmay_the_grid_triangle_9x9_checkered,
          minmay_the_grid_triangle_9x9_tough_junction,
          minmay_the_grid_triangle_9x9_wacky_v,
          minmay_the_grid_triangle_9x9_shrine,
          minmay_the_grid_triangle_9x9_descending_squares,
          minmay_the_grid_triangle_9x9_prize_insulated], layout_honeycomb,
          grunt_hell_entry_dis_mu, grunt_pan_entry_spiral,
          infiniplex_staircase_river, firewood_loft
Depths:3: giant_chief_lemuel, layout_gridville, pf_hell_entry_great_geh,
          minmay_crystal_room, abyss_entry, minmay_staircase_statues_hall_large,
          uniq_boris, uniq_xtahua
Depths:4: grunt_zot_entry_pinwheel, layout_gridlike, hellmouth_3,
          hangedman_decor_clover_reticule

Skill      XL: |  1  2  3  4  5  6  7  8  9 10 11 12 13 14 15 16 17 18 19 20 21 22 23 |
---------------+----------------------------------------------------------------------+-----
Maces & Flails | 2 3 4 5 6 8 10 12 13 16 18 20 | 20.0
Armour         | 4 5 7 9 11 12 15 17 19 20 23 | 23.0
Fighting       | 3 4 8 10 12 13 14 15 18 | 18.4
Shields        | 4 8 16 17 18 20 | 20.0
Stealth        | 3 6 8 12 16 19 20 21 | 21.0
Evocations     | 4 8 11 13 15 16 | 16.0
Dodging        | 4 5 6 8 |  8.0
Invocations    | 4 |  4.0

Action                   |  1- 3 |  4- 6 |  7- 9 | 10-12 | 13-15 | 16-18 | 19-21 | 22-24 || total
-------------------------+-------+-------+-------+-------+-------+-------+-------+-------++-------
Melee: Flail             |   175 |   227 |   221 |    58 |       |       |       |       ||   681
       Tailslap          |    16 |    27 |    28 |   116 |   268 |   269 |   267 |   240 ||  1231
       Demon whip        |       |       |       |   769 |  1591 |   206 |       |       ||  2566
       Eveningstar       |       |       |       |       |       |  1080 |  1313 |  1041 ||  3434
Throw: Boomerang         |     2 |    13 |    27 |     5 |    56 |    78 |    61 |     1 ||   243
       Dart              |       |       |       |     5 |       |     1 |       |       ||     6
       Javelin           |       |       |       |       |     8 |     7 |       |       ||    15
Invok: Shadow Step       |       |       |       |       |       |     7 |    11 |     2 ||    20
 Abil: Evoke Invisibilit |       |       |       |       |       |     9 |     7 |     8 ||    24
Evoke: Wand              |       |       |       |    14 |       |    26 |     2 |       ||    42
       Tin of tremorston |       |       |       |     1 |     5 |    12 |     6 |     9 ||    33
       Box of beasts     |       |       |       |       |       |     1 |     2 |       ||     3
       Phantom mirror    |       |       |       |       |       |       |       |     1 ||     1
       Condenser vane    |       |       |       |       |       |       |       |     1 ||     1
  Use: Scroll            |       |     9 |     9 |    12 |    14 |    18 |    25 |     9 ||    96
       Potion            |       |     1 |     1 |     3 |     4 |    22 |    18 |     4 ||    53
 Stab: Confused          |       |       |     3 |       |       |       |       |       ||     3
       Invisible         |       |       |       |     6 |    38 |    49 |    28 |    40 ||   161
       Sleeping          |       |       |       |       |    12 |    41 |    69 |    76 ||   198
       Distracted        |       |       |       |       |     6 |    13 |    10 |     8 ||    37
Armor: Scale mail        |   107 |    96 |    34 |       |       |       |       |       ||   237
       Chain mail        |       |       |    24 |   247 |   475 |   131 |       |       ||   877
       Skin              |       |       |       |     3 |       |       |       |       ||     3
       Plate armour      |       |       |       |       |       |   526 |   379 |       ||   905
       Shadow dragon sca |       |       |       |       |       |       |   348 |   652 ||  1000
Dodge: Dodged            |    68 |    71 |    91 |   349 |   515 |   323 |   295 |   265 ||  1977
Block: Buckler           |    40 |    51 |    42 |   336 |   408 |       |       |       ||   877
       Reflection        |       |       |       |     2 |    19 |    70 |    48 |    48 ||   187
       Kite shield       |       |       |       |       |   273 |   881 |   233 |       ||  1387
       Tower shield      |       |       |       |       |       |       |   888 |   951 ||  1839

Table legend: (Time is in decaauts)
 A = Elapsed time spent in this place.
 B = Non-inter-level travel time spent in this place.
 C = Inter-level travel time spent in this place.
 D = Time resting spent in this place.
 E = Time spent auto-exploring this place.
 F = Levels seen in this place.
 G = Mean time per level.
                   A        B        C        D        E       F      G
               +--------+--------+--------+--------+--------+-----+--------+
         Total |  66651 |  59830 |   6821 |   8915 |  39288 |  49 | 1360.2 |
       Dungeon |  17762 |  14499 |   3263 |    638 |  11215 |  15 | 1184.1 |
        Temple |     44 |     39 |      5 |      0 |     30 |   1 |   44.0 |
          Lair |   6788 |   5935 |    853 |    124 |   4703 |   5 | 1357.6 |
        Shoals |   7052 |   6746 |    306 |   1581 |   3939 |   4 | 1763.0 |
     Snake Pit |   6800 |   6081 |    719 |   1579 |   3278 |   4 | 1700.0 |
  Orcish Mines |   2694 |   2390 |    304 |    427 |   1562 |   2 | 1347.0 |
   Elven Halls |   7161 |   6631 |    530 |   2218 |   3155 |   3 | 2387.0 |
        Vaults |   5944 |   5743 |    201 |    186 |   4334 |   5 | 1188.8 |
        Depths |   9901 |   9264 |    637 |   2099 |   5646 |   4 | 2475.2 |
         Abyss |    119 |    119 |      0 |      0 |     14 |   1 |  119.0 |
       Ossuary |    446 |    446 |      0 |      0 |    207 |   1 |  446.0 |
        Bailey |    214 |    214 |      0 |      2 |     94 |   1 |  214.0 |
      Ice Cave |    928 |    928 |      0 |     30 |    673 |   1 |  928.0 |
       Volcano |    249 |    249 |      0 |      0 |    102 |   1 |  249.0 |
      Gauntlet |    542 |    542 |      0 |     28 |    334 |   1 |  542.0 |
               +--------+--------+--------+--------+--------+-----+--------+

Top non-repeatable levels by time:
Depths:3: 3440 daAuts
   Elf:2: 2936 daAuts
Shoals:4: 2469 daAuts
Depths:2: 2434 daAuts
     D:8: 2405 daAuts
Depths:4: 2392 daAuts
   Elf:3: 2349 daAuts
 Snake:4: 2141 daAuts
    D:15: 1894 daAuts
Vaults:3: 1883 daAuts
   Elf:1: 1876 daAuts
   Orc:2: 1838 daAuts
 Snake:2: 1749 daAuts
  Lair:4: 1722 daAuts
Shoals:3: 1707 daAuts
